 Dungeon Crawl Stone Soup version 0.20-a0-893-g832831a (webtiles) character file.

1950 4thArraOfDagon the Slasher (level 9, -5/42 HPs)
             Began as a Vine Stalker Warper on Mar 17, 2017.
             Was an Initiate of Gozag.
             Slain by Psyche
             ... wielding a +3 dagger of chaos
              (14 damage)
             ... on level 9 of the Dungeon.
             The game lasted 00:13:08 (2791 turns).

4thArraOfDagon the Slasher (Vine Stalker Warper)    Turns: 2791, Time: 00:13:09

Health: -5/42      AC: 10    Str: 13    XL:     9   Next: 18%
Magic:  0/22       EV: 11    Int: 16    God:    Gozag
Gold:   697        SH:  0    Dex: 15    Spells: 6/12 levels left

rFire    . . .     SeeInvis .   I - +3 falchion (freeze)
rCold    . . .     Gourm    .   B - +0 scale mail
rNeg     + . .     Faith    .   (no shield)
rPois    .         Spirit   +   n - +0 helmet
rElec    .         Reflect  .   (no cloak)
rCorr    .         Harm     +   j - +1 pair of gloves
MR       +....                  (no boots)
Stlth    ..........             y - amulet of harm
Regen    0.6/turn               w - ring of positive energy
MPRegen  0.2/turn               K - ring of magical power

@: very slightly contaminated, hasted, drained, very quick
A: fangs 3, regeneration 1, magic shield, antimagic bite, no potion heal 3, rot
immunity
a: Potion Petition, Call Merchant, Bribe Branch, Renounce Religion


You were on level 9 of the Dungeon.
You worshipped Gozag.
Gozag was pleased with you.
You were not hungry.

You visited 2 branches of the dungeon, and saw 11 of its levels.

You collected 751 gold pieces.
You paid 54 gold pieces to Gozag.

Inventory:

Hand Weapons
 a - a +0 falchion
 H - a +0 scimitar
 I - a +3 falchion of freezing (weapon)
Missiles
 e - 3 tomahawks of dispersal (quivered)
 r - 8 curare-tipped needles
 u - 9 tomahawks
 z - 4 javelins of returning
Armour
 j - a +1 pair of gloves (worn)
 n - a +0 helmet (worn)
 B - a +0 scale mail (worn)
Jewellery
 o - an uncursed ring of flight
 w - a ring of positive energy (right hand)
 y - an amulet of harm (around neck)
 K - a ring of magical power (left hand)
Wands
 m - a wand of polymorph (0/24)
 C - a wand of confusion (23/48)
 J - a wand of lightning (5/15)
Scrolls
 d - 2 scrolls of blinking
 h - 3 scrolls of remove curse
 q - 2 scrolls of recharging
 s - 2 scrolls of enchant armour {unknown}
 v - a scroll of fog {unknown}
 A - a scroll of magic mapping {unknown}
 D - a scroll of vulnerability {unknown}
 F - a scroll of immolation {unknown}
Potions
 k - 3 potions of agility {unknown}
 p - 2 potions of resistance
 x - a potion of cancellation {unknown}
 E - a potion of flight {unknown}
 G - a potion of curing {unknown}
Books
 c - a book of Spatial Translocations

   Spells                             Type                      Level
   a - Blink                          Translocation                2
   b - Shroud of Golubria             Charms/Translocation         2
   c - Lesser Beckoning               Translocation                3
   d - Gell's Gravitas                Translocation                3
   e - Teleport Other                 Translocation                3
   f - Passage of Golubria            Translocation                4
Comestibles
 f - 3 bread rations
 g - a meat ration


   Skills:
 - Level 1.7(1.5) Fighting
 * Level 7.0(6.7) Long Blades
 - Level 3.7(3.5) Throwing
 + Level 4.5(4.2) Armour
 + Level 4.3(4.1) Dodging
 - Level 2.1(1.9) Spellcasting
 * Level 4.3(4.0) Translocations


You had 6 spell levels left.
You knew the following spells:

 Your Spells              Type           Power        Failure   Level  Hunger
a - Blink                 Tloc           N/A          24%         2    ###....
b - Passage of Golubria   Tloc           N/A          98%         4    #####..


Dungeon Overview and Level Annotations

Branches:
Dungeon (10/15)            Temple (1/1) D:4
   Lair: D:8-11         Orc: D:9-12

Altars:
Ashenzari
Cheibriados
Dithmenos
Elyvilon
Fedhas
Gozag
Hepliaklqana
Kikubaaqudgha
Makhleb
Nemelex Xobeh
Qazlal
Ru
Sif Muna
Uskayaw
Vehumet
Wu Jian
Xom
Yredelemnul
Zin

Annotations:
D:2 Crazy Yiuf
D:5 JetFlynn's ghost, novice OpTm
D:7 nikopol's ghost, novice MiBe
D:9 Psyche


Innate Abilities, Weirdness & Mutations

You have razor-sharp teeth.
Your natural rate of healing is unusually fast.
When hurt, damage is shared between your health and your magic reserves.
Your bite disrupts and absorbs the magic of your enemies.
Potions cannot restore your health.
You are immune to rotting.


Message History

You closely miss Psyche.
Psyche is heavily wounded.
Psyche hits you with a dagger of chaos.
You feel yourself speed up.
You are very lightly contaminated with residual magic.
Psyche hits you but does no damage.
You are electrocuted!
You are too injured to fight recklessly!
You are too injured to fight recklessly!
You are too injured to fight recklessly!
You are too injured to fight recklessly!
You hit Psyche but do no damage.
Psyche is heavily wounded.
Psyche points at you and mumbles some strange words.
The puff of flame hits you!
* * * LOW HITPOINT WARNING * * *
Unknown command.
Unknown command.
Unknown command.
Psyche hits you but does no damage.
You are electrocuted!
You die...
Your body crumbles into a pile of gold.

#?###.# #.....#
#..#.# .#
####..#.#######.#
................#.
#..............
#.>....._...#
###.........##
#.@........#
#.@_..⌠.._.#
#..........#
#.........##
##...$_...#
#......###
########


You could see Psyche.

Vanquished Creatures
  A hungry ghost (D:10)
  A water moccasin (D:10)
  An ice beast (D:9)
  A necrophage (D:7)
  A black bear (D:10)
  4 ogres
  A centaur (D:6)
  A scorpion (D:7)
  A howler monkey (D:6)
  5 wights (D:7)
  2 crimson imps
  A quasit (D:8)
  3 orc priests
  5 hounds
  A jelly (D:7)
  2 orc wizards (D:3)
  A bullfrog skeleton (D:4)
  2 iguanas
  A hound skeleton (D:4)
  2 worker ant zombies
  6 adders
  3 shadow imps
  An ooze (D:6)
  An adder zombie (D:5)
  An adder skeleton (D:4)
  A dart slug (D:1)
  20 orcs
  6 bats
  3 giant cockroaches
  6 goblins
  5 hobgoblins
  11 jackals
  3 frilled lizards
  4 kobolds
  A leopard gecko skeleton (D:8)
  9 rats
118 creatures vanquished.

Notes
Turn   | Place    | Note
-------+----------+-------------------------------------------
     0 | D:1      | 4thArraOfDagon the Vine Stalker Warper began the quest for the Orb.
     0 | D:1      | Reached XP level 1. HP: 11/11 MP: 4/4
    15 | D:1      | Reached skill level 2 in Long Blades
    15 | D:1      | Reached skill level 1 in Throwing
    29 | D:1      | Reached skill level 1 in Armour
    36 | D:1      | Reached XP level 2. HP: 7/15 MP: 6/6
   225 | D:1      | Reached XP level 3. HP: 10/18 MP: 5/7
   368 | D:2      | Found a runed door.
   372 | D:2      | Noticed Crazy Yiuf
   472 | D:3      | Gained mutation: Your natural rate of healing is unusually fast. [Vine Stalker growth]
   472 | D:3      | Reached XP level 4. HP: 21/23 MP: 8/8
   474 | D:3      | Reached skill level 3 in Long Blades
   584 | D:4      | Noticed an ogre
   750 | D:3      | Reached XP level 5. HP: 23/26 MP: 9/9
   977 | D:4      | Reached XP level 6. HP: 23/30 MP: 7/10
   985 | D:4      | Found a staircase to the Ecumenical Temple.
   993 | Temple   | Entered the Ecumenical Temple
  1012 | Temple   | Became a worshipper of Gozag Ym Sagoz the Greedy
  1152 | D:3      | Reached skill level 4 in Long Blades
  1299 | D:4      | Reached XP level 7. HP: 28/34 MP: 11/11
  1379 | D:4      | Found a radiant altar of Vehumet.
  1417 | D:5      | Entered Level 5 of the Dungeon
  1716 | D:5      | Noticed JetFlynn's ghost (novice OpTm)
  1908 | D:6      | Reached skill level 5 in Long Blades
  1942 | D:6      | Found a shadowy altar of Dithmenos.
  1994 | D:6      | Gained mutation: You have razor-sharp teeth. [Vine Stalker growth]
  1994 | D:6      | Reached XP level 8. HP: 11/38 MP: 3/12
  2097 | D:7      | Noticed nikopol's ghost (novice MiBe)
  2334 | D:7      | Reached skill level 6 in Long Blades
  2498 | D:8      | Found a hide-covered altar of Uskayaw.
  2528 | D:8      | Learned a level 2 spell: Blink
  2533 | D:8      | Learned a level 4 spell: Passage of Golubria
  2592 | D:10     | Entered Level 10 of the Dungeon
  2615 | D:10     | Reached XP level 9. HP: 20/42 MP: 8/13
  2755 | D:9      | Found a basalt altar of Yredelemnul.
  2755 | D:9      | Found a deep blue altar of Sif Muna.
  2755 | D:9      | Found a hazy altar of Hepliaklqana.
  2765 | D:9      | Reached skill level 7 in Long Blades
  2768 | D:9      | Found a glowing silver altar of Zin.
  2768 | D:9      | Noticed Psyche
  2791 | D:9      | Slain by Psyche

Vault maps used:
D:1:      sevenhm_arrival_forest_fort_large_4
D:2:      lemuel_crystal_altar, first_bread, uniq_crazy_yiuf_cottage
D:4:      fiery_altar_vehumet, tgw_trog, temple_statues
D:6:      kennysheep_mini, st_stairs_2, lightli_orcish_oven
D:8:      overflow_temple_1_default, serial_shops, nicolae_shop_window_shopping
D:9:      grunt_temple_overflow_open, hangedman_fish_farm, uniq_psyche
D:10:     kennysheep_seaside_town, david_lair_generic, uniq_josephine
Temple:   cyrus_circular_temple

Skill      XL: |  1  2  3  4  5  6  7  8  9 |
---------------+----------------------------+-----
Long Blades    | 2 3 4 5 6 7 |  7.0
Throwing       | 1 2 3 |  3.7
Armour         | 1 2 3 4 |  4.5
Dodging        | 2 3 4 |  4.3
Translocations | 4 |  4.3
Fighting       | |  1.7
Spellcasting   | |  2.1

Action                   |  1- 3 |  4- 6 |  7- 9 || total
-------------------------+-------+-------+-------++-------
Melee: Falchion          |    85 |   170 |   258 ||   513
       Bite              |    24 |    46 |    81 ||   151
       Scimitar          |       |       |    28 ||    28
Throw: Tomahawk          |     2 |       |       ||     2
Evoke: Wand              |       |       |     7 ||     7
  Use: Potion            |     1 |       |       ||     1
       Scroll            |       |     3 |     3 ||     6
 Stab: Invisible         |     1 |     5 |       ||     6
       Confused          |       |       |     3 ||     3
  Eat: Chunk             |       |     1 |       ||     1
       Royal jelly       |       |       |     3 ||     3
       Meat ration       |       |       |     1 ||     1
Armor: Leather armour    |    21 |       |       ||    21
       Scale mail        |    15 |   123 |   108 ||   246
       Ring mail         |     2 |       |       ||     2
Dodge: Dodged            |    80 |   127 |   131 ||   338
       Rpst.: Falchion   |    20 |    48 |    32 ||   100
       Scimitar          |       |       |     5 ||     5
